| TOP OF THE 1ST |
|
Tennessee Smokies batting - Pitching for San Antonio Missions : RHP Tim Martin
|
|
Pitching: RHP Tim Martin
|
|
|
Batting: LHB Brent Dutcher
|
0-0: Ball 1-0: Ball 2-0: Called Strike 2-1: Foul Ball, location: 2F 2-2: Strikes out looking
|
|
Batting: RHB John Iddings
|
0-0: Swinging Strike 0-1: Called Strike 0-2: Strikes out looking
|
|
Batting: RHB Bobby Gray
|
0-0: Called Strike 0-1: Ground out 4-3 (Groundball, 4, EV 89.4 MPH)
|
| Top of the 1st over - 0 runs, 0 hits, 0 errors, 0 left on base; Tennessee 0 - San Antonio 0 |
| BOTTOM OF THE 1ST |
|
San Antonio Missions batting - Pitching for Tennessee Smokies : RHP Mike Borell
|
|
Pitching: RHP Mike Borell
|
|
|
Batting: LHB Tsutomu Miyahara
|
0-0: Ball 1-0: Ground out 6-3 (Groundball, 4M, EV 104.4 MPH)
|
|
Batting: LHB Ryan Flynn Jr.
|
0-0: Fly out, F9 (Line Drive, 9, EV 94.4 MPH)
|
|
Batting: LHB Conrad Taylor
|
0-0: Ball 1-0: Called Strike 1-1: Swinging Strike 1-2: Ball 2-2: Ground out 6-3 (Groundball, 6, EV 111.3 MPH)
|
| Bottom of the 1st over - 0 runs, 0 hits, 0 errors, 0 left on base; Tennessee 0 - San Antonio 0 |
| TOP OF THE 2ND |
|
Tennessee Smokies batting - Pitching for San Antonio Missions : RHP Tim Martin
|
|
Batting: LHB Brian Newton
|
0-0: Called Strike 0-1: Called Strike 0-2: Ball 1-2: Ball 2-2: Strikes out swinging
|
|
Batting: RHB Nick Kleckner
|
0-0: Swinging Strike 0-1: Foul Ball, location: 2F 0-2: Foul Ball, location: 2F 0-2: Ball 1-2: Ball 2-2: Foul Ball, location: 2F 2-2: Foul Ball, location: 2F 2-2: Foul Ball, location: 2F 2-2: Foul Ball, location: 2F 2-2: Strikes out swinging
|
|
Batting: RHB Brian Warren
|
0-0: Ball 1-0: Foul Ball, location: 2F 1-1: Ball 2-1: Called Strike 2-2: Foul Ball, location: 2F 2-2: Strikes out swinging
|
| Top of the 2nd over - 0 runs, 0 hits, 0 errors, 0 left on base; Tennessee 0 - San Antonio 0 |
| BOTTOM OF THE 2ND |
|
San Antonio Missions batting - Pitching for Tennessee Smokies : RHP Mike Borell
|
|
Batting: LHB Javy Portela
|
0-0: Ball 1-0: Called Strike 1-1: Foul Ball, location: 2F 1-2: Ground out 4-3 (Groundball, 4, EV 110.0 MPH)
|
|
Batting: SHB Curtis Thompson
|
0-0: Ball 1-0: Ball 2-0: Ground out 1-3 (Groundball, 15S, EV 68.8 MPH)
|
|
Batting: RHB Scott Schwartz
|
0-0: Ball 1-0: Ball 2-0: Ball 3-0: Base on Balls
|
|
Pitching: RHP Rashid bin Ala'
|
|
|
Batting: LHB Josh Slusarczyk
|
0-0: Called Strike Scott Schwartz steals 2nd base 0-1: Ball 1-1: Foul Ball, location: 2F 1-2: Ball 2-2: Ground out 4-3 (Groundball, 4, EV 105.0 MPH)
|
| Bottom of the 2nd over - 0 runs, 0 hits, 0 errors, 1 left on base; Tennessee 0 - San Antonio 0 |
| TOP OF THE 3RD |
|
Tennessee Smokies batting - Pitching for San Antonio Missions : RHP Tim Martin
|
|
Batting: SHB Rich Ranaldi
|
0-0: Ball 1-0: Ball 2-0: Ball 3-0: Called Strike 3-1: Foul Ball, location: 2F 3-2: Ground out 5-3 (Groundball, 56, EV 79.4 MPH)
|
|
Batting: RHB Chris Rosinsky
|
0-0: Ball 1-0: Foul Ball, location: 2F 1-1: Called Strike 1-2: Ground out 3-1 (Groundball, 34, EV 88.1 MPH)
|
|
Batting: RHB Sean Espejo
|
0-0: Ball 1-0: Ball 2-0: Called Strike 2-1: Ground out 3-1 (Groundball, 34S, EV 77.5 MPH)
|
| Top of the 3rd over - 0 runs, 0 hits, 0 errors, 0 left on base; Tennessee 0 - San Antonio 0 |
| BOTTOM OF THE 3RD |
|
San Antonio Missions batting - Pitching for Tennessee Smokies : RHP Rashid bin Ala'
|
|
Batting: RHB Min-chin Yi
|
0-0: Called Strike 0-1: Swinging Strike 0-2: Strikes out swinging
|
|
Batting: LHB Alejandro Matos
|
0-0: Swinging Strike 0-1: Ball 1-1: Ball 2-1: Ball 3-1: Base on Balls
|
|
Batting: LHB Tsutomu Miyahara
|
0-0: Ball 1-0: Ball 2-0: Foul Ball, location: 2F 2-1: Ball 3-1: Base on Balls Alejandro Matos to second
|
|
Pitching: RHP Bob Gilliam
|
|
|
Batting: LHB Ryan Flynn Jr.
|
0-0: Swinging Strike 0-1: Ball 1-1: Ball 2-1: Ball 3-1: Base on Balls Alejandro Matos to third Tsutomu Miyahara to second
|
|
Batting: LHB Conrad Taylor
|
0-0: Called Strike 0-1: Ball 1-1: Ball 2-1: Foul Ball, location: 2F 2-2: Foul Ball, location: 2F 2-2: Foul Ball, location: 2F 2-2: Ball 3-2: Foul Ball, location: 2F 3-2: Foul Ball, location: 2F 3-2: DOUBLE (Line Drive, 78D, EV 103.1 MPH) Alejandro Matos scores Tsutomu Miyahara scores Ryan Flynn Jr. to third Runner from 3rd tries for Home, SAFE, no throw by LF
|
|
Batting: LHB Javy Portela
|
0-0: Ball 1-0: 2-RUN HOME RUN (Flyball, 8LXD, EV 105.0 MPH), Distance : 422 ft
|
|
Batting: SHB Curtis Thompson
|
0-0: Ball 1-0: Called Strike 1-1: Foul Ball, location: 2F 1-2: Ball 2-2: Ball 3-2: Base on Balls
|
|
Pitching: RHP Heef Harted
|
|
|
Batting: RHB Scott Schwartz
|
0-0: Ball 1-0: Called Strike 1-1: Called Strike 1-2: Ball 2-2: Foul Ball, location: 2F 2-2: Grounds into double play, 5-4-3 (Groundball, 56S, EV 75.6 MPH)
|
| Bottom of the 3rd over - 5 runs, 2 hits, 0 errors, 0 left on base; Tennessee 0 - San Antonio 5 |
| TOP OF THE 4TH |
|
Tennessee Smokies batting - Pitching for San Antonio Missions : RHP Tim Martin
|
|
Batting: LHB Brent Dutcher
|
0-0: Ball 1-0: Called Strike 1-1: Ball 2-1: Foul Ball, location: 2F 2-2: Foul Ball, location: 2F 2-2: Foul Ball, location: 2F 2-2: Strikes out swinging
|
|
Batting: RHB John Iddings
|
0-0: Ball 1-0: Swinging Strike 1-1: Foul Ball, location: 2F 1-2: Strikes out swinging
|
|
Batting: RHB Bobby Gray
|
0-0: Called Strike 0-1: Swinging Strike 0-2: Foul Ball, location: 2F 0-2: Ball 1-2: SINGLE (Groundball, 6MD, EV 106.9 MPH)
|
|
Batting: LHB Brian Newton
|
0-0: Ball 1-0: Swinging Strike 1-1: Foul Ball, location: 2F 1-2: Ball 2-2: Foul Ball, location: 2F 2-2: Ball 3-2: Strikes out swinging
|
| Top of the 4th over - 0 runs, 1 hit, 0 errors, 1 left on base; Tennessee 0 - San Antonio 5 |
| BOTTOM OF THE 4TH |
|
San Antonio Missions batting - Pitching for Tennessee Smokies : RHP Heef Harted
|
|
Batting: LHB Josh Slusarczyk
|
0-0: Fly out, F6 (Popup, 4, EV 79.4 MPH)
|
|
Batting: RHB Min-chin Yi
|
0-0: Called Strike 0-1: Ball 1-1: Called Strike 1-2: Ball 2-2: Ball 3-2: Strikes out swinging, 2-3 out at first.
|
|
Batting: LHB Alejandro Matos
|
0-0: Called Strike 0-1: Ball 1-1: Ground out 6-3 (Groundball, 6D, EV 80.0 MPH)
|
| Bottom of the 4th over - 0 runs, 0 hits, 0 errors, 0 left on base; Tennessee 0 - San Antonio 5 |
| TOP OF THE 5TH |
|
Tennessee Smokies batting - Pitching for San Antonio Missions : RHP Tim Martin
|
|
Batting: RHB Nick Kleckner
|
0-0: Called Strike 0-1: Ball 1-1: Ball 2-1: Ball 3-1: Swinging Strike 3-2: Strikes out looking
|
|
Batting: RHB Brian Warren
|
0-0: Called Strike 0-1: Foul Ball, location: 2F 0-2: Strikes out swinging
|
|
Batting: SHB Rich Ranaldi
|
0-0: Foul Ball, location: 2F 0-1: Ground out 3-1 (Groundball, 34, EV 101.9 MPH)
|
| Top of the 5th over - 0 runs, 0 hits, 0 errors, 0 left on base; Tennessee 0 - San Antonio 5 |
| BOTTOM OF THE 5TH |
|
San Antonio Missions batting - Pitching for Tennessee Smokies : RHP Heef Harted
|
|
Batting: LHB Tsutomu Miyahara
|
0-0: Foul Ball, location: 2F 0-1: Foul Ball, location: 2F 0-2: Ball 1-2: Foul Ball, location: 2F 1-2: Strikes out swinging
|
|
Pitching: RHP Heriberto Esquivel
|
|
|
Batting: LHB Ryan Flynn Jr.
|
0-0: Ball 1-0: Ball 2-0: Ball 3-0: Called Strike 3-1: Foul Ball, location: 2F 3-2: Base on Balls
|
|
Batting: LHB Conrad Taylor
|
0-0: Ball Ryan Flynn Jr. steals 2nd base 1-0: Ball 2-0: Ball 3-0: Called Strike 3-1: Base on Balls
|
|
Batting: LHB Javy Portela
|
0-0: Called Strike Ryan Flynn Jr. steals 3rd base 0-1: Called Strike 0-2: Foul Ball, location: 2F 0-2: Strikes out swinging
|
|
Batting: SHB Curtis Thompson
|
0-0: Ball 1-0: Called Strike 1-1: Ball 2-1: SINGLE (Groundball, 34D, EV 105.6 MPH) Ryan Flynn Jr. scores Conrad Taylor to second Runner from 2nd tries for 3rd, SAFE, throw by RF made at trailing runner, OUT! 9-6
|
| Bottom of the 5th over - 1 run, 1 hit, 0 errors, 1 left on base; Tennessee 0 - San Antonio 6 |
| TOP OF THE 6TH |
|
Tennessee Smokies batting - Pitching for San Antonio Missions : RHP Tim Martin
|
|
Batting: RHB Chris Rosinsky
|
0-0: Swinging Strike 0-1: Swinging Strike 0-2: Ball 1-2: Strikes out looking
|
|
Batting: RHB Sean Espejo
|
0-0: Ball 1-0: Ball 2-0: Foul Ball, location: 2F 2-1: Ground out 6-3 (Groundball, 6, EV 84.4 MPH)
|
|
Batting: LHB Brent Dutcher
|
0-0: Ball 1-0: Called Strike 1-1: Swinging Strike 1-2: Strikes out swinging
|
| Top of the 6th over - 0 runs, 0 hits, 0 errors, 0 left on base; Tennessee 0 - San Antonio 6 |
| BOTTOM OF THE 6TH |
|
San Antonio Missions batting - Pitching for Tennessee Smokies : RHP Heriberto Esquivel
|
|
Batting: RHB Scott Schwartz
|
0-0: Ball 1-0: Ball 2-0: Called Strike 2-1: Called Strike 2-2: Foul Ball, location: 2F 2-2: Foul Ball, location: 2F 2-2: Ball 3-2: SINGLE (Groundball, 6MD, EV 96.3 MPH)
|
|
Batting: LHB Josh Slusarczyk
|
0-0: Ball 1-0: Swinging Strike 1-1: Ball 2-1: Ball 3-1: Base on Balls Scott Schwartz to second
|
|
Batting: RHB Min-chin Yi
|
0-0: Foul Ball, location: 2F 0-1: Ball 1-1: Ball 2-1: Foul Ball, location: 2F 2-2: Strikes out looking
|
|
Batting: LHB Alejandro Matos
|
0-0: Ball 1-0: Ball 2-0: Ball 3-0: Called Strike 3-1: Base on Balls Scott Schwartz to third Josh Slusarczyk to second
|
|
Batting: LHB Tsutomu Miyahara
|
0-0: Ball 1-0: Swinging Strike 1-1: Foul Ball, location: 2F 1-2: Fly out, F4 (Line Drive, 4, EV 70.0 MPH) Lined into DP, 4-6 (Line Drive, 4, EV 68.1 MPH)
|
| Bottom of the 6th over - 0 runs, 1 hit, 0 errors, 2 left on base; Tennessee 0 - San Antonio 6 |
| TOP OF THE 7TH |
|
Tennessee Smokies batting - Pitching for San Antonio Missions : RHP Tim Martin
|
|
Batting: RHB John Iddings
|
0-0: Foul Ball, location: 2F 0-1: Ball 1-1: Ball 2-1: Swinging Strike 2-2: Strikes out swinging
|
|
Pitching: RHP David Deon
|
|
|
Batting: RHB Bobby Gray
|
0-0: Called Strike 0-1: Ball 1-1: Swinging Strike 1-2: Ball 2-2: Strikes out swinging
|
|
Batting: LHB Brian Newton
|
0-0: Called Strike 0-1: Foul Ball, location: 2F 0-2: Foul Ball, location: 2F 0-2: Ball 1-2: Foul Ball, location: 2F 1-2: Strikes out swinging
|
| Top of the 7th over - 0 runs, 0 hits, 0 errors, 0 left on base; Tennessee 0 - San Antonio 6 |
| BOTTOM OF THE 7TH |
|
San Antonio Missions batting - Pitching for Tennessee Smokies : RHP Heriberto Esquivel
|
|
Batting: LHB Ryan Flynn Jr.
|
0-0: Reached on error, E4 (Groundball, 4, EV 103.8 MPH)
|
|
Batting: LHB Conrad Taylor
|
0-0: Ball 1-0: Called Strike 1-1: Ball 2-1: Ball 3-1: Called Strike 3-2: Ground out 1-5-3 (Groundball, 15S, EV 105.0 MPH) Ryan Flynn Jr. to third
|
|
Batting: LHB Javy Portela
|
0-0: Ball 1-0: Swinging Strike 1-1: Ball 2-1: Foul Ball, location: 2F 2-2: Foul Ball, location: 2F 2-2: Ball 3-2: Foul Ball, location: 2F 3-2: Base on Balls
|
|
Pitching: RHP Vij Ramamani
|
|
|
Batting: SHB Curtis Thompson
|
0-0: Foul Ball, location: 2F 0-1: Ball 1-1: Ball Passed Ball! Ryan Flynn Jr. scores Javy Portela to second 2-1: Ball 3-1: Foul Ball, location: 2F 3-2: Base on Balls
|
|
Batting: RHB Scott Schwartz
|
0-0: Ball 1-0: Fly out, F8 (Flyball, 78D, EV 105.0 MPH)
|
|
Batting: LHB Josh Slusarczyk
|
0-0: Ball 1-0: Ball 2-0: Fly out, F9 (Flyball, 9, EV 89.4 MPH)
|
| Bottom of the 7th over - 1 run, 0 hits, 1 error, 2 left on base; Tennessee 0 - San Antonio 7 |
| TOP OF THE 8TH |
|
Tennessee Smokies batting - Pitching for San Antonio Missions : RHP David Deon
|
|
Batting: RHB Nick Kleckner
|
0-0: Called Strike 0-1: Ball 1-1: Ball 2-1: Called Strike 2-2: Ball 3-2: Strikes out swinging
|
|
Batting: RHB Brian Warren
|
0-0: Ball 1-0: Called Strike 1-1: Swinging Strike 1-2: Foul Ball, location: 2F 1-2: Foul Ball, location: 2F 1-2: Ground out 6-3 (Groundball, 6, EV 81.9 MPH)
|
|
Batting: SHB Rich Ranaldi
|
0-0: Ball 1-0: Ball 2-0: Called Strike 2-1: Swinging Strike 2-2: SINGLE (Line Drive, 4D, EV 99.4 MPH)
|
|
Batting: RHB Chris Rosinsky
|
0-0: Called Strike 0-1: Ball 1-1: Called Strike 1-2: Ball 2-2: Strikes out looking
|
| Top of the 8th over - 0 runs, 1 hit, 0 errors, 1 left on base; Tennessee 0 - San Antonio 7 |
| BOTTOM OF THE 8TH |
|
San Antonio Missions batting - Pitching for Tennessee Smokies : RHP Vij Ramamani
|
|
Pinch Hitting: LHB Corey Lewis
|
0-0: Ball 1-0: Ball 2-0: Called Strike 2-1: Ball 3-1: Foul Ball, location: 2F 3-2: Ground out 6-3 (Groundball, 6M, EV 108.1 MPH)
|
|
Batting: LHB Alejandro Matos
|
0-0: Called Strike 0-1: Foul Ball, location: 2F 0-2: Ball 1-2: Foul Ball, location: 2F 1-2: Ball 2-2: SOLO HOME RUN (Flyball, 89XD, EV 101.3 MPH), Distance : 390 ft
|
|
Batting: LHB Tsutomu Miyahara
|
0-0: Called Strike 0-1: Ball 1-1: Called Strike 1-2: Foul Ball, location: 2F 1-2: Ball 2-2: SINGLE (Groundball, 34S, EV 65.6 MPH) (infield hit)
|
|
Batting: LHB Ryan Flynn Jr.
|
0-0: Ball 1-0: Ball 2-0: Foul Ball, location: 2F 2-1: Ball 3-1: Base on Balls Tsutomu Miyahara to second
|
|
Batting: LHB Conrad Taylor
|
0-0: Ball 1-0: Foul Ball, location: 2F 1-1: Ball 2-1: Ball 3-1: Base on Balls Tsutomu Miyahara to third Ryan Flynn Jr. to second
|
|
Batting: LHB Javy Portela
|
0-0: Called Strike 0-1: Foul Ball, location: 2F 0-2: GRAND SLAM HOME RUN (Flyball, 9LD, EV 92.5 MPH), Distance : 362 ft
|
|
Pitching: RHP Heitaro Tanaka
|
|
|
Batting: SHB Curtis Thompson
|
0-0: Called Strike 0-1: Ball 1-1: Called Strike 1-2: Ball 2-2: Reached via error on a dropped throw from 2B, E3 (Groundball, 34, EV 84.4 MPH)
|
|
Batting: RHB Scott Schwartz
|
0-0: Ball Wild Pitch! Curtis Thompson to second 1-0: Called Strike 1-1: Swinging Strike 1-2: Foul Ball, location: 2F 1-2: Foul Ball, location: 2F 1-2: Ball 2-2: Ball 3-2: Foul Ball, location: 2F 3-2: Foul Ball, location: 2F 3-2: Base on Balls
|
|
Batting: LHB Josh Slusarczyk
|
0-0: Ball 1-0: Ball 2-0: Called Strike 2-1: Foul Ball, location: 2F 2-2: Ball 3-2: Base on Balls Curtis Thompson to third Scott Schwartz to second
|
|
Batting: LHB Corey Lewis
|
0-0: Called Strike 0-1: Ball 1-1: Foul Ball, location: 2F 1-2: SINGLE (Flyball, 5D, EV 85.0 MPH) Curtis Thompson scores Scott Schwartz to third Josh Slusarczyk to second
|
|
Batting: LHB Alejandro Matos
|
0-0: Ball 1-0: Ball 2-0: Ball Balk! Scott Schwartz scores Josh Slusarczyk to third Corey Lewis to second 3-0: Called Strike 3-1: Base on Balls
|
|
Batting: LHB Tsutomu Miyahara
|
0-0: Ball 1-0: Called Strike 1-1: Ball 2-1: Ball 3-1: Base on Balls Josh Slusarczyk scores Corey Lewis to third Alejandro Matos to second
|
|
Batting: LHB Ryan Flynn Jr.
|
0-0: Foul Ball, location: 2F 0-1: Ball 1-1: Ball 2-1: Foul Ball, location: 2F 2-2: GRAND SLAM HOME RUN (Flyball, 9D, EV 96.9 MPH), Distance : 372 ft
|
|
Batting: LHB Conrad Taylor
|
0-0: Foul Ball, location: 2F 0-1: Fly out, F9 (Flyball, 9, EV 88.1 MPH)
|
|
Batting: LHB Javy Portela
|
0-0: Fly out, F7 (Line Drive, 7D, EV 98.1 MPH)
|
| Bottom of the 8th over - 12 runs, 5 hits, 1 error, 0 left on base; Tennessee 0 - San Antonio 19 |
| TOP OF THE 9TH |
|
Tennessee Smokies batting - Pitching for San Antonio Missions : RHP David Deon
|
|
Now in LF: Corey Lewis
|
|
|
Batting: RHB Sean Espejo
|
0-0: Swinging Strike 0-1: Called Strike 0-2: Ball 1-2: Strikes out looking
|
|
Batting: LHB Brent Dutcher
|
0-0: Called Strike 0-1: Ball 1-1: Swinging Strike 1-2: Foul Ball, location: 2F 1-2: Ball 2-2: Strikes out swinging
|
|
Batting: RHB John Iddings
|
0-0: Ball 1-0: Called Strike 1-1: Foul Ball, location: 2F 1-2: Foul Ball, location: 2F 1-2: Ball 2-2: Strikes out swinging
|
| Top of the 9th over - 0 runs, 0 hits, 0 errors, 0 left on base; Tennessee 0 - San Antonio 19 |
|